 Dungeon Crawl Stone Soup version 0.31-a0-1620-gcbf77bbcfc (webtiles) character file.

Game seed: 7433765287532367258

55807 Flugslaktarn the Severer (level 14, -8/135 HPs)
             Began as a Minotaur Fighter on Jan 11, 2024.
             Was a High Priest of Okawaru.
             Killed from afar by a deep elf zephyrmancer (14 damage)
             ... with a bolt of lightning
             ... while paralysed by an orc sorcerer
             ... on level 2 of the Orcish Mines.
             The game lasted 00:08:53 (20055 turns).

Flugslaktarn the Severer (Minotaur Fighter)        Turns: 20055, Time: 00:08:53

Health: -8/135     AC: 26    Str: 30    XL:     14   Next: 39%
Magic:  10/20      EV:  2    Int:  7    God:    Okawaru [*****.]
Gold:   1683       SH:  0    Dex: 18    Spells: 13/13 levels left

rFire   . . .        A - +7 broad axe (freeze)
rCold   . . .        B - +0 kite shield
rNeg    + + .        f - +3 chain mail
rPois   +            (helmet restricted)
rElec   .            o - +2 ratskin cloak {*Rats rPois rN+ Str-1 Int-1 Dex+1}
rCorr   .            F - +0 pair of gloves
SInv    +            k - +2 pair of boots {Fly}
Will    +....        (no amulet) Stlth
                     s - +6 ring of strength
HPRegen 0.42/turn    c - ring of the Rose {+Blink rN+ Int+3 Dex+6 SInv}
MPRegen 0.17/turn

%: no passive effects
@: paralysed, heroic, finesse-ful, flying, invisible
A: horns 2, retaliatory headbutt
a: Renounce Religion, Evoke Blink, Heroism, Finesse, Duel


You were on level 2 of the Orcish Mines.
You worshipped Okawaru.
Okawaru was extremely pleased with you.
You visited 3 branches of the dungeon, and saw 18 of its levels.
You also visited: Sewer.

You collected 1683 gold pieces.

Inventory:

Hand Weapons
 l - the +8 war axe of Hommuj {heavy, rElec Will+ Int+3}
   (You found it on level 4 of the Dungeon)

   Int+3:     It affects your intelligence (+3).
   rElec:     It insulates you from electricity.
   Will+:     It increases your willpower.
 A - a +7 broad axe of freezing (weapon)
   (Okawaru gifted it to you on level 2 of the Lair of Beasts)
 C - a +0 long sword of distortion
   (You found it on level 5 of the Lair of Beasts)
Armour
 f - a +3 chain mail (worn)
   (You found it on level 1 of the Dungeon)
 k - a +2 pair of boots of flying (worn)
   (Okawaru gifted it to you on level 2 of the Lair of Beasts)
 o - the +2 ratskin cloak (worn) {*Rats rPois rN+ Str-1 Int-1 Dex+1}
   (You found it on level 4 of the Dungeon)

   *Rats:     When the wearer is hurt, rats may emerge from it to assist them.
   Str-1:     It affects your strength (-1).
   Int-1:     It affects your intelligence (-1).
   Dex+1:     It affects your dexterity (+1).
   rPois:     It protects you from poison rN+: It protects you from negative
   energy.
 p - a +0 plate armour
   (You took it off an orc warrior on level 9 of the Dungeon)
 B - a +0 kite shield (worn)
   (You found it on level 5 of the Dungeon)
 F - a +0 pair of gloves (worn)
   (You found it on level 1 of the Lair of Beasts)
Jewellery
 c - the ring of the Rose (right hand) {+Blink rN+ Int+3 Dex+6 SInv}
   (You found it on level 10 of the Dungeon)

   [ring of dexterity]

   Int+3:     It affects your intelligence (+3).
   Dex+6:     It affects your dexterity (+6).
   rN+:       It protects you from negative energy.
   SInv:      It lets you see invisible.
   +Blink:    It lets you blink.
 s - a +6 ring of strength (left hand)
   (You found it on level 3 of the Dungeon)
 u - a ring of flight
   (You found it on level 11 of the Dungeon)
Wands
 g - a wand of digging (5)
   (You found it on level 5 of the Dungeon)
 r - a wand of roots (1)
   (You found it on level 4 of the Lair of Beasts)
 v - a wand of paralysis (21)
   (You found it on level 5 of the Dungeon)
Scrolls
 a - 2 scrolls of silence
 b - a scroll of butterflies
 e - 4 scrolls of fog
 i - 8 scrolls of immolation
 j - 7 scrolls of vulnerability
 t - 3 scrolls of teleportation
 z - a scroll of blinking
Potions
 d - 3 potions of might
 h - 3 potions of haste
 m - 5 potions of mutation
 n - 2 potions of resistance
 q - 6 potions of curing
 w - a potion of heal wounds
 x - 4 potions of enlightenment
 y - 2 potions of berserk rage
 D - a potion of attraction


   Skills:
 + Level 15.5(20.5) Fighting
 * Level 17.0(22.0) Axes
 + Level 12.4(17.4) Armour
 + Level 6.6(11.6) Dodging
 - Level 9.9(14.9) Shields
 + Level 10.2 Invocations


You had 13 spell levels left.
You didn't know any spells.
Your spell library contained the following spells:

 Spells                   Type           Power      Damage    Failure   Level
 Foxfire                  Conj/Fire      0%         2x1d4     86%         1
 Freeze                   Ice            0%         1d3       86%         1
 Magic Dart               Conj           0%         1d3       86%         1
 Sting                    Conj/Alch      0%         1d3       86%         1
 Lesser Beckoning         Tloc           0%         N/A       94%         2
 Mercury Vapours          Alch/Air       0%         N/A       94%         2
 Searing Ray              Conj           0%         2d4       94%         2
 Static Discharge         Conj/Air       0%         3-3/arc   94%         2
 Sublimation of Blood     Necr           0%         N/A       94%         2
 Dazzling Flash           Conj/Hex       0%         N/A       99%         3
 Frozen Ramparts          Ice            0%         1d1       99%         3
 Gell's Gravitas          Tloc           0%         N/A       99%         3
 Hailstorm                Conj/Ice       0%         3d5       99%         3
 Inner Flame              Hex/Fire       0%         N/A       99%         3
 Mephitic Cloud           Conj/Alch/Air  0%         N/A       99%         3
 Sigil of Binding         Hex            0%         N/A       99%         3
 Teleport Other           Tloc           0%         N/A       99%         3
 Airstrike                Air            0%         2d(0-16)  100%        4
 Dimensional Bullseye     Hex/Tloc       0%         N/A       100%        4
 Fulminant Prism          Conj/Alch      0%         3d5       100%        4
 Leda's Liquefaction      Alch/Erth      0%         N/A       100%        4
 Olgreb's Toxic Radiance  Alch           0%         N/A       100%        4
 Curse of Agony           Necr           0%         N/A       100%        5
 Irradiate                Conj/Alch      0%         3d11      100%        5
 Lee's Rapid Deconstruct  Erth           0%         3d4*      100%        5
 Silence                  Hex/Air        0%         N/A       100%        5
 Bombard                  Conj/Erth      0%         9d1       100%        6
 Dispersal                Tloc           0%         N/A       100%        6
 Plasma Beam              Fire/Air       0%         2x1d10    100%        6
 Starburst                Conj/Fire      0%         6d3       100%        6
 Ignition                 Fire           0%         3d3       100%        8
 Call Imp                 Summ           Unusable   N/A       N/A         2
 Call Canine Familiar     Summ           Unusable   N/A       N/A         3
 Summon Lightning Spire   Summ/Air       Unusable   N/A       N/A         4
 Summon Hydra             Summ           Unusable   N/A       N/A         7

Dungeon Overview and Level Annotations

Branches:
Dungeon (11/15)            Temple (0/1) D:7            Lair (5/5) D:9
  Swamp (0/4) Lair:3       Spider (0/4) Lair:2          Orc (2/2) D:9
  Sewer (visited)
  Slime: Lair:4-5       Elf: Orc:2

Altars:
Ashenzari
Cheibriados
Dithmenos
Fedhas
Kikubaaqudgha
Nemelex Xobeh
Okawaru
Yredelemnul
Zin
Jiyva

Annotations:
Lair:3 2 transporters, exclusion: ice statue, Mustrin's ghost, adept OpCA
Lair:5 exclusion: 2 oklob plants


Innate Abilities, Weirdness & Mutations

You have a pair of horns on your head.
You reflexively headbutt those who attack you in melee.


Message History

The orc warlord is lightly wounded.
You carve the orc warlord like a ham!!! You freeze the orc warlord.
The orc warlord is heavily wounded.
You hit the warg. You freeze the warg.
You kill the warg!
Okawaru accepts your kill.
The orc shouts!
You hear a shout!
You hear a howl!
A warg comes into view.
An orc sorcerer comes into view.
It is wielding a +0 dagger and wearing a +1 robe of willpower.
A troll comes into view.
A warg comes into view.
You hit the orc warlord. You freeze the orc warlord.
The orc warlord is severely wounded.
You hit the deep elf zephyrmancer. You freeze the deep elf zephyrmancer.
The troll shouts!
The deep elf pyromancer mumbles some strange words.
The deep elf pyromancer blinks!
You catch the helpless orc warlord completely off-guard!
You slash the orc warlord! You freeze the orc warlord.
You headbutt the orc warlord, but do no damage.
The orc warlord is severely wounded.
You slice the deep elf zephyrmancer!! You freeze the deep elf zephyrmancer!
You kill the deep elf zephyrmancer!
Okawaru accepts your kill.
You hear a shout!
Unknown command.
Unknown command.
You strike the helpless orc warlord from behind!
You hit the orc warlord. You freeze the orc warlord.
You headbutt the orc warlord!
The orc warlord is almost dead.
You slash the warg! You freeze the warg.
The troll shouts!
An ogre comes into view. It is wielding a +0 giant club.
An orc high priest comes into view. It is wielding a +0 hand axe.
The deep elf zephyrmancer gestures at the warg while chanting.
The bolt of lightning misses the warg.
The bolt of lightning misses you.
You hear a howl!
You hear a shout! x5; You hear a howl!
You hear a shout!
You hit the orc warlord. You freeze the orc warlord.
You headbutt the orc warlord, but do no damage.
The orc warlord is almost dead.
You slash the deep elf zephyrmancer! You freeze the deep elf zephyrmancer.
You hit the warg. You freeze the warg.
The troll shouts!
The warg bites you!
You slash the orc warlord! You freeze the orc warlord.
The orc warlord is almost dead.
You catch the helpless deep elf zephyrmancer completely off-guard!
You hit the deep elf zephyrmancer. You freeze the deep elf zephyrmancer.
You slash the warg! You freeze the warg.
The troll shouts!
The orc warlord roars a battlecry!
The orcs go into a battle-frenzy!
The orc sorcerer casts a spell.
You hit the orc warlord. You freeze the orc warlord.
You kill the orc warlord!
Okawaru accepts your kill. Okawaru grants you throwing weapons!
Something appears at your feet!
You strike the helpless deep elf zephyrmancer from behind!
You slice the deep elf zephyrmancer!! You freeze the deep elf zephyrmancer.
You kill the deep elf zephyrmancer!
Okawaru accepts your kill.
You slash the warg! You freeze the warg.
You kill the warg!
Okawaru accepts your kill.
The troll shouts!
Your base Axes skill increases to level 17!
The rust devil screeches!
The troll shouts!
The orc warrior completely misses you. You furiously retaliate!
You headbutt the orc warrior!!
Items here: ) [ †††.
You are too injured to fight recklessly!
You are too injured to fight recklessly!
You are too injured to fight recklessly!
You slash the deep elf zephyrmancer! You freeze the deep elf zephyrmancer.
The deep elf zephyrmancer is moderately wounded.
You catch the helpless orc warrior completely off-guard!
You slice the orc warrior!! You freeze the orc warrior.
You kill the orc warrior!
Okawaru accepts your kill.
You hit the troll. You freeze the troll. You completely miss the warg.
The rust devil screeches!
The rust devil screeches!
The troll shouts!
The troll bites you. The troll barely misses you. You block the troll's attack.
The orc sorcerer gestures at you while chanting.
You suddenly lose the ability to move!
The deep elf zephyrmancer gestures at you while chanting.
The bolt of lightning hits you!!
* * * LOW HITPOINT WARNING * * *
The bolt of lightning misses the warg.
The deep elf pyromancer casts a spell at the warg.
The pyre arrow hits the warg.
The warg bites you but does no damage. x2
You hear a shout! x4
The rust devil screeches!
The troll shouts!
The warg burns!
The warg bites you but does no damage.
The orc high priest prays to Beogh.
The warg bites you.
* * * LOW HITPOINT WARNING * * *
The deep elf zephyrmancer gestures at you while chanting.
The bolt of lightning hits you!
You die...

.~≈e≈≈e~....$.....
....§..)..............
...............$.......
........÷..............
..$..#..................
##.................o.....
..................o4....#
.........................
..######.....h@e...O.....
#......)h..Te.....
#.....)(T.........
#.....e.)...o.....
####..o..............
.....3........<.......
......................
#####...........<.....
#.............^...


You could see an orc high priest (unable to see you), a sun demon (summoned,
wandering, unable to see you), a rust devil (summoned, wandering, unable to see
you), 2 deep elf pyromancers, a deep elf zephyrmancer (unable to see you), 2
trolls, 2 wargs, an orc sorcerer (strong), an ogre (unable to see you), an orc
wizard (strong, unable to see you) and an orc (strong, unable to see you).

Vanquished Creatures
  An orc warlord (Orc:2)
  4 dire elephants (Lair:5)
  4 hydras
  Erolcha (Orc:1)
  A catoblepas (Lair:1)
  An alligator (Lair:4)
  A boulder beetle (D:10)
  5 two-headed ogres
  3 death yaks (Lair:4)
  2 spectral death yaks (Lair:5)
  A pharaoh ant (Lair:2)
  2 goliath frogs (Lair:4)
  A spectral anaconda (Lair:5)
  An obsidian statue (Lair:5)
  A bog body (Lair:3)
  3 necromancers (Lair:5)
  2 swamp dragons
  A lindwurm (Lair:5)
  Pikel (D:8)
  An orc knight (Orc:2)
  4 deep elf zephyrmancers
  A cyclops (D:9)
  A deep elf pyromancer (Orc:2)
  An orc sorcerer (Orc:1)
  8 elephants
  A manticore (D:9)
  2 kobold blastminers (Orc:1)
  A dire elephant zombie (Lair:5)
  2 black mambas
  A dire elephant skeleton (Lair:5)
  A gargoyle (D:11)
  2 rime drakes
  14 cane toads
  5 komodo dragons
  An unseen horror (D:11)
  The ghost of Flugslaktarn the Trooper, an amateur MiFi (D:3)
  5 trolls
  A tyrant leech (Lair:4)
  2 polar bears
  A hornet (D:6)
  4 blink frogs (Lair:4)
  7 dream sheep (Lair:4)
  2 spectral elephants (Lair:5)
  A jumping spider (Lair:2)
  3 wraiths
  A dire elephant simulacrum (Lair:5)
  2 vampires
  39 yaks
  5 wargs
  3 wyverns
  6 basilisks
  A swamp worm (Lair:3)
  8 vampire mosquitoes (Lair:4)
  A spectral cane toad (Lair:5)
  9 water moccasins
  4 orc warriors
  2 black bears
  A sky beast (D:8)
  4 centaurs
  A swamp drake (Lair:4)
  6 wolves (Lair:4)
  2 crocodiles (Sewer)
  6 ogres
  2 phantoms (D:4)
  2 elephant skeletons (Lair:5)
  2 kobold brigands
  Blork the orc (D:4)
  A gnoll sergeant (D:6)
  13 bullfrogs
  6 scorpions
  A cane toad simulacrum (Lair:5)
  Dowan (D:4)
  4 elephant simulacra (Lair:5)
  6 killer bees (D:9)
  3 howler monkeys
  3 electric eels (Lair:3)
  2 bombardier beetles
  A hound (D:3)
  4 orc priests
  A jelly (D:6)
  5 iguanas
  Jessica (D:3)
  Natasha (twice) (D:3)
  11 orc wizards
  3 sleepcaps
  Ijyb (D:3)
  A sickly merfolk siren (Sewer)
  A malarious merfolk avatar (Sewer)
  9 gnolls
  11 adders
  2 river rats
  2 shadow imps (D:7)
  A white imp (D:6)
  4 ufetubi
  3 dart slugs
  29 orcs
  9 bats
  6 endoplasms
  6 giant cockroaches
  6 goblins
  11 hobgoblins
  3 jackals (D:2)
  12 kobolds
  5 quokkas
  9 ball pythons
  8 frilled lizards
  2 frilled lizard zombies (D:3)
  30 rats
456 creatures vanquished.

Vanquished Creatures (collateral kills)
  Duvessa (D:4)
1 creature vanquished.

Grand Total: 457 creatures vanquished

Notes
Turn   | Place    | Note
-------+----------+-------------------------------------------
     0 | D:1      | Flugslaktarn the Minotaur Fighter began the quest for the
                  | Orb.
     0 | D:1      | Reached XP level 1. HP: 19/19 MP: 0/0
    66 | D:1      | Reached XP level 2. HP: 27/27 MP: 1/1
   109 | D:1      | Found a faded altar of an unknown god.
   135 | D:1      | Reached skill level 3 in Axes
   261 | D:1      | Reached XP level 3. HP: 33/33 MP: 2/2
  1521 | D:3      | Noticed Ijyb
  1531 | D:3      | Killed Ijyb
  1532 | D:3      | Reached XP level 4. HP: 11/41 MP: 3/3
  1670 | D:3      | Noticed a scorpion
  1676 | D:3      | Killed a scorpion
  1677 | D:3      | Reached skill level 5 in Fighting
  1677 | D:3      | Reached skill level 4 in Axes
  1677 | D:3      | Reached XP level 5. HP: 48/48 MP: 4/4
  1704 | D:3      | Noticed Natasha
  1711 | D:3      | Killed Natasha
  1822 | D:3      | Found a runed translucent door.
  1822 | D:3      | Noticed Flugslaktarn's ghost (amateur MiFi)
  1869 | D:3      | Noticed Natasha
  1876 | D:3      | Killed Natasha
  1986 | D:3      | Found an ancient bone altar of Kikubaaqudgha.
  2037 | D:3      | Reached XP level 6. HP: 38/56 MP: 5/5
  2118 | D:3      | Noticed Jessica
  2124 | D:3      | Killed Jessica
  2125 | D:3      | Reached skill level 5 in Axes
  2576 | D:3      | Killed Flugslaktarn's ghost
  2577 | D:3      | Reached skill level 5 in Armour
  2577 | D:3      | Reached skill level 5 in Shields
  2577 | D:3      | Reached XP level 7. HP: 57/64 MP: 6/6
  2601 | D:3      | Identified the staff of Syoceid {^Fragile rF+ rC+ Conj
                  | Fire}
  2694 | D:4      | Found the +2 ratskin cloak {*Rats rPois rN+ Str-1 Int-1
                  | Dex+1}
  2696 | D:4      | Reached skill level 6 in Axes
  2868 | D:4      | Found a broken altar of Ashenzari.
  2983 | D:4      | Noticed Blork the orc
  2995 | D:4      | Killed Blork the orc
  3195 | D:4      | Identified the +8 war axe of Hommuj {heavy, rElec Will+
                  | Int+3}
  3237 | D:4      | Noticed Dowan
  3238 | D:4      | Noticed Duvessa
  3243 | D:4      | Killed Dowan
  3248 | D:4      | Killed Duvessa
  3249 | D:4      | Reached skill level 7 in Axes
  3249 | D:4      | Reached XP level 8. HP: 54/73 MP: 7/7
  3830 | D:5      | Entered Level 5 of the Dungeon
  4198 | D:5      | Found a blossoming altar of Fedhas.
  4225 | D:5      | Found a glowing drain.
  4229 | Sewer    | Entered a sewer
  4301 | Sewer    | Reached skill level 8 in Axes
  4661 | D:5      | Found an iron altar of Okawaru.
  4980 | D:5      | Became a worshipper of Warmaster Okawaru
  5158 | D:6      | Found a snail-covered altar of Cheibriados.
  5269 | D:6      | Reached XP level 9. HP: 75/83 MP: 8/8
  5270 | D:6      | Reached * piety under Okawaru
  5456 | D:6      | Reached skill level 9 in Axes
  6294 | D:7      | Found a staircase to the Ecumenical Temple.
  6764 | D:8      | Noticed Pikel
  6771 | D:8      | Killed Pikel
  6772 | D:8      | Reached skill level 10 in Fighting
  6772 | D:8      | Reached skill level 10 in Axes
  6818 | D:8      | Reached ** piety under Okawaru
  6945 | D:8      | Reached XP level 10. HP: 94/94 MP: 9/9
  7189 | D:8      | Found a sparkling altar of Nemelex Xobeh.
  8034 | D:9      | Found a staircase to the Lair.
  8084 | D:9      | Noticed a two-headed ogre
  8087 | D:9      | Reached skill level 11 in Axes
  8089 | D:9      | Killed a two-headed ogre
  8089 | D:9      | Reached *** piety under Okawaru
  8193 | D:9      | Found a shadowy altar of Dithmenos.
  8196 | D:9      | Noticed a manticore
  8198 | D:9      | Reached **** piety under Okawaru
  8202 | D:9      | Killed a manticore
  8204 | D:9      | Noticed a two-headed ogre
  8209 | D:9      | Killed a two-headed ogre
  8210 | D:9      | Reached skill level 12 in Axes
  8489 | D:9      | Found a staircase to the Orcish Mines.
  8515 | D:9      | Found a basalt altar of Yredelemnul.
  8596 | D:9      | Noticed a cyclops
  8603 | D:9      | Killed a cyclops
  8604 | D:9      | Reached XP level 11. HP: 72/105 MP: 10/10
  8763 | D:9      | Reached ***** piety under Okawaru
  9085 | D:10     | Entered Level 10 of the Dungeon
  9233 | D:10     | Noticed a two-headed ogre
  9235 | D:10     | Noticed a two-headed ogre
  9239 | D:10     | Killed a two-headed ogre
  9239 | D:10     | Received a gift from Okawaru
  9242 | D:10     | Killed a two-headed ogre
  9449 | D:10     | Noticed a two-headed ogre
  9455 | D:10     | Killed a two-headed ogre
  9580 | D:10     | Noticed a boulder beetle
  9585 | D:10     | Killed a boulder beetle
  9776 | D:10     | Reached skill level 13 in Axes
 10102 | D:10     | Identified the ring of the Rose {+Blink rN+ Int+3 Dex+6
                  | SInv}
 10122 | D:10     | Found a glowing silver altar of Zin.
 10986 | Lair:1   | Entered Level 1 of the Lair of Beasts
 11045 | Lair:1   | Received a gift from Okawaru
 11096 | Lair:1   | Reached skill level 1 in Invocations
 11169 | Lair:1   | Noticed a six-headed hydra
 11186 | Lair:1   | Killed a ten-headed hydra
 11189 | Lair:1   | Reached XP level 12. HP: 54/116 MP: 11/14
 11687 | Lair:1   | Noticed a catoblepas
 11698 | Lair:1   | Killed a catoblepas
 11699 | Lair:1   | Reached skill level 5 in Invocations
 12166 | Lair:2   | Reached ****** piety under Okawaru
 12166 | Lair:2   | Received a gift from Okawaru
 12167 | Lair:2   | Acquired a +2 broad axe of freezing
 12167 | Lair:2   | Received a gift from Okawaru
 12169 | Lair:2   | Acquired a +1 pair of boots of flying
 12169 | Lair:2   | Received a gift from Okawaru
 12247 | Lair:2   | Found a hole to the Spider Nest.
 13122 | Lair:3   | Found a staircase to the Swamp.
 13488 | Lair:3   | Reached skill level 10 in Armour
 13620 | Lair:3   | Found a transporter.
 13627 | Lair:3   | Reached skill level 1 in Dodging
 13637 | Lair:3   | Found a transporter.
 13649 | Lair:3   | Noticed Mustrin's ghost (adept OpCA)
 13652 | Lair:3   | Noticed a seven-headed hydra
 13970 | Lair:3   | Noticed a four-headed hydra
 13976 | Lair:3   | Killed a seven-headed hydra
 13976 | Lair:3   | Received a gift from Okawaru
 14425 | Lair:4   | Noticed a death yak
 14425 | Lair:4   | Noticed a death yak
 14426 | Lair:4   | Noticed a death yak
 14433 | Lair:4   | Reached skill level 14 in Axes
 14438 | Lair:4   | Killed a death yak
 14441 | Lair:4   | Killed a death yak
 14446 | Lair:4   | Killed a death yak
 14698 | Lair:4   | Received a gift from Okawaru
 14815 | Lair:4   | Reached XP level 13. HP: 58/124 MP: 18/18
 14815 | Arena    | Entered the Arena
 15253 | Lair:4   | Received a gift from Okawaru
 15255 | Lair:4   | Reached skill level 15 in Axes
 16361 | Lair:5   | Entered Level 5 of the Lair of Beasts
 16566 | Lair:5   | Received a gift from Okawaru
 16833 | Lair:5   | Reached skill level 5 in Dodging
 16856 | Lair:5   | Noticed a dire elephant
 16856 | Lair:5   | Noticed a dire elephant
 16856 | Lair:5   | Noticed a dire elephant
 17049 | Lair:5   | Found a viscous altar of Jiyva.
 17480 | Lair:5   | Reached skill level 15 in Fighting
 17485 | Lair:5   | Received a gift from Okawaru
 17548 | Lair:5   | Reached skill level 16 in Axes
 17851 | Lair:5   | Killed a dire elephant
 17858 | Lair:5   | Killed a dire elephant
 17867 | Lair:5   | Killed a dire elephant
 18111 | Lair:5   | Identified the +0 ring mail of Classification {Harm Will+}
 18167 | Lair:5   | Noticed a dire elephant
 18181 | Lair:5   | Killed a dire elephant
 18182 | Lair:5   | Reached XP level 14. HP: 42/135 MP: 20/20
 18759 | Lair:5   | Received a gift from Okawaru
 19127 | Orc:1    | Entered Level 1 of the Orcish Mines
 19136 | Orc:1    | Noticed Erolcha
 19149 | Orc:1    | Killed Erolcha
 19317 | Orc:1    | Reached skill level 10 in Invocations
 19713 | Orc:2    | Entered Level 2 of the Orcish Mines
 20015 | Arena    | Entered the Arena
 20031 | Orc:2    | Noticed an orc warlord
 20051 | Orc:2    | Killed an orc warlord
 20051 | Orc:2    | Received a gift from Okawaru
 20052 | Orc:2    | Reached skill level 17 in Axes
 20054 | Orc:2    | Paralysed by an orc sorcerer for 5 turns
 20055 | Orc:2    | HP: 6/135 [warg (6)]
 20055 | Orc:2    | Killed from afar by a deep elf zephyrmancer

Illustrated notes

Levels and vault maps discovered:
D:1:      nicolae_arrival_washed_ashore, layout_rooms, basic_ecumenical_altar
D:2:      layout_basic, dreamdust_princess_bridge
D:3:      layout_loops_ring, lemuel_zombie_altar_kikubaaqudgha,
          ebering_ghost_inner_flame, uniq_natasha, uniq_ijyb, uniq_jessica
D:4:      layout_basic, mainiacjoe_overflow_chevrons, chequers_avenue,
          uniq_duvessa, uniq_blork_the_orc
D:5:      layout_cave_pools, fedhas_altar_2,
          hellmonk_okawaru_the_only_friend_you_need, gup_sewer_entry_bowl
D:6:      layout_cave_pods, kennysheep_slug_shrine, kennysheep_potato
D:7:      layout_cave_pools, minmay_temple_entry_grid
D:8:      layout_basic, lemuel_tele_altar, minmay_misc_feat_secret_circle,
          kennysheep_path_1, uniq_pikel
D:9:      layout_loops_ring, grunt_dithmenos_smoke_and_mirrors,
          yredelemnul_altar_generic, david_lair_shrubbed, orc_0_dummy
D:10:     layout_loops_ring, mainiacjoe_overflow_alcove_2
D:11:     layout_long_grid, roderic_batcave
Lair:1:   layout_small_grid, pdpol_lair_neglected_garden, grunt_megastairs_5
Lair:2:   layout_roguey, nicolae_spider_entry_lesser_pyramids,
          lemuel_another_geyser
Lair:3:   layout_cave_pods, nicolae_swamp_entry_splash_gauntlet,
          nzn_ghost_randoct, infiniplex_staircase_pool
Lair:4:   onia_ninara_swampy_vault, layout_gridlike, minivault_24
Lair:5:   due_jungle_book, layout_regular_city,
          minmay_slime_entry_oklob_enclosed, columned_hall_lemuel
Orc:1:    layout_caves, mines1_david, uniq_erolcha
Orc:2:    st_orc_town, layout_caves, serial_shops, shop,
          nicolae_orc_beogh_chapel, nicolae_orc_bridge_out,
          statue_in_the_mist_lemuel, elves_outpost_lemuel

Skill      XL: |  1  2  3  4  5  6  7  8  9 10 11 12 13 14 |
---------------+-------------------------------------------+-----
Fighting       | 4 5 6 7 9 10 12 13 14 15 | 15.5
Axes           | 3 4 5 7 8 10 12 13 14 16 17 | 17.0
Armour         | 4 5 6 7 8 9 10 11 12 | 12.4
Shields        | 4 5 6 7 8 9 |  9.9
Invocations    | 4 8 9 10 | 10.2
Dodging        | 3 5 6 |  6.6

Action                     |  1- 3 |  4- 6 |  7- 9 | 10-12 | 13-15 || total
---------------------------+-------+-------+-------+-------+-------++-------
  Melee: War axe           |    88 |    57 |   222 |   159 |       ||   526
         Headbutt          |    12 |    10 |    37 |    64 |    90 ||   213
         Broad axe         |       |       |       |   125 |   335 ||   460
 Invoke: Heroism           |       |       |       |     1 |     4 ||     5
         Receive Weapon    |       |       |       |     1 |       ||     1
         Receive Armour    |       |       |       |     1 |       ||     1
         Duel              |       |       |       |       |     2 ||     2
         Finesse           |       |       |       |       |     1 ||     1
  Evoke: Wand              |       |       |       |       |     1 ||     1
    Use: Potion            |       |     1 |       |     2 |     6 ||     9
         Scroll            |       |       |    12 |    14 |     3 ||    29
   Stab: Invisible         |       |       |       |       |    14 ||    14
 Armour: Scale mail        |    18 |       |       |       |       ||    18
         Chain mail        |    49 |    50 |   168 |   261 |   238 ||   766
  Dodge: Dodged            |    26 |    11 |    87 |    86 |   124 ||   334
  Block: Buckler           |    24 |     8 |    44 |       |       ||    76
         Kite shield       |       |       |    63 |   171 |   179 ||   413

Table legend: (Time is in decaauts)
 A = Elapsed time spent in this place.
 B = Non-inter-level travel time spent in this place.
 C = Inter-level travel time spent in this place.
 D = Time resting spent in this place.
 E = Time spent auto-exploring this place.
 F = Levels seen in this place.
 G = Mean time per level.
                   A        B        C        D        E       F      G
               +--------+--------+--------+--------+--------+-----+--------+
         Total |  20268 |  19454 |    814 |   2234 |  14734 |  21 |  965.1 |
       Dungeon |  10891 |  10309 |    582 |    590 |   8322 |  11 |  990.1 |
          Lair |   8035 |   7823 |    212 |   1376 |   5630 |   5 | 1607.0 |
  Orcish Mines |    892 |    873 |     19 |    253 |    504 |   2 |  446.0 |
         Sewer |    407 |    407 |      0 |      0 |    277 |   1 |  407.0 |
         Arena |     42 |     42 |      0 |     15 |      0 |   2 |   21.0 |
               +--------+--------+--------+--------+--------+-----+--------+

Top non-repeatable levels by time:
  Lair:5: 2619 daAuts
  Lair:4: 1996 daAuts
     D:9: 1345 daAuts
  Lair:3: 1343 daAuts
     D:6: 1221 daAuts
     D:4: 1214 daAuts
     D:8: 1200 daAuts
    D:10: 1182 daAuts
     D:3: 1123 daAuts
  Lair:1: 1099 daAuts
     D:2: 987 daAuts
  Lair:2: 977 daAuts
     D:5: 875 daAuts
   Orc:1: 834 daAuts
    D:11: 614 daAuts
